AoeStats
← AR

Arabia

505594138Analyzed
1v1 RM · 23d ago on Sep 10, 2026· 20m 40s· 2 players
Game mode
Random Map
Map size
Tiny (2 player)
Population
200
Speed
Normal
Resources
Standard
Victory
Conquest
Starting age
Dark Age
Ending age
Imperial Age
RankedLock teamsTeams togetherTeam positionsShared explorationLock speedFull tech treeHidden civsTurbo modeCheats
Victory
Defeat
🇨🇴 Bohemians · Colombia
971
+15
🇨🇦 Chinese · Canada
948
-15
Imu18TheNoob
0:53 Loom
12:10 Feudal Age
17:37 Castle Age
16:05 Horse Collar
16:21 Double-Bit Axe
16:56 Gold Mining
18:22 Fletching
19:30 Crossbowman
AR
8:59 Loom
11:35 Feudal Age
18:46 Castle Age
17:10 Horse Collar
18:46 Double-Bit Axe
Connection lost

Rejoining the realm…

Still unreachable

The connection could not be restored.

Session expired

The server has moved on; the page needs a fresh start.